 Dungeon Crawl Stone Soup version 0.23.2-40-g277498a001 (webtiles) character file.

Game seed: 6673337392380444100

601719 steinardarri the Slayer (level 26, -6/222 HPs)
             Began as a Demonspawn Berserker on Oct 2, 2019.
             Was a High Priest of Trog.
             Killed from afar by an orb of fire (29 damage)
             ... with a bolt of fire
             ... on level 5 of the Realm of Zot on Oct 3, 2019.
             The game lasted 07:15:10 (58139 turns).

steinardarri the Slayer (Demonspawn Berserker)     Turns: 58139, Time: 07:15:10

Health: -6/222     AC: 29    Str: 30    XL:     26   Next: 50%
Magic:  0/10       EV: 19    Int:  7    God:    Trog [*****.]
Gold:   2889       SH: 31    Dex: 23    Spells: 25/25 levels left

rFire    + . .     SeeInvis .   A - +9 broad axe (antimagic)
rCold    + + +     Gourm    .   x - +4 large shield {reflect}
rNeg     + . .     Faith    .   N - +1 plate armour "Ihenn" {Slay+6}
rPois    +         Spirit   +   (helmet unavailable)
rElec    +         Reflect  +   T - +2 cloak of the Other World {rC+ Dex+3}
rCorr    +         Harm     .   f - +2 pair of gloves {archery}
MR       +++++     Rnd*Tele +   K - +2 pair of boots of Orthodoxy {*Contam rPois MR+++ Int-3}
Stlth    ++........             m - amulet of Suspicion {Reflect *Drain +Blink rC+ Str+4 SH+3}
HPRegen  1.47/turn              S - ring "Hukuo" {+Inv rPois rF+ Slay+2 Stlth+}
MPRegen  0.24/turn              j - ring "Yzamuheir" {rCorr +Blink rC+ rN+ Str+5}

@: regenerating
A: horns 3, thin metallic scales 3, agile 1, blurry vision 2, cold resistance 1,
deformed body, deterioration 1, passive freeze, spiny 3, teleportitis 1, weak 1,
magic shield, magic regeneration, magic link, freezing cloud immunity
}: 3/15 runes: serpentine, barnacled, silver
a: Berserk, Trog's Hand, Brothers in Arms, Renounce Religion, Evoke Blink, Evoke
Invisibility


You were on level 5 of the Realm of Zot.
You worshipped Trog.
Trog was extremely pleased with you.
You were not hungry.

You visited 10 branches of the dungeon, and saw 50 of its levels.
You also visited: Trove, Ossuary, Gauntlet, Ice Cave and Wizlab.

You collected 7219 gold pieces.
You spent 4330 gold pieces at shops.

Inventory:

Hand Weapons
 a - the +8 broad axe "Ravyll" {chop, rC+ Dex+3}
   (You took it off a crimson imp on level 12 of the Dungeon)

   It inflicts extra damage upon your enemies.
   It affects your dexterity (+3).
   It protects you from cold.
 b - the +13 hand crossbow "Zaog" {speed, rN++ Dex-3 SInv}
   (Trog gifted it to you on level 1 of the Snake Pit)

   Attacks with this weapon are significantly faster.
   It affects your dexterity (-3).
   It greatly protects you from negative energy.
   It lets you see invisible.
 A - a +9 antimagic broad axe (weapon)
Missiles
 d - 335 bolts (quivered)
Armour
 f - a +2 pair of gloves of archery (worn)
 q - a scarf of cloud immunity
 x - a +4 large shield of reflection (worn)
 F - +2 shadow dragon scales
 K - the +2 pair of boots of Orthodoxy (worn) {*Contam rPois MR+++ Int-3}
   (You found it in an ice cave)

   It affects your intelligence (-3).
   It protects you from poison.
   It affects your resistance to hostile enchantments.
   It causes magical contamination when unequipped.
 N - the +1 plate armour "Ihenn" (worn) {Slay+6}
   (You found it on level 3 of the Elven Halls)

   It affects your accuracy and damage with ranged weapons and melee attacks
   (+6).
 T - the +2 cloak of the Other World (worn) {rC+ Dex+3}
   (You found it on level 4 of the Shoals)

   It affects your dexterity (+3).
   It protects you from cold.
 X - a +5 plate armour of fire resistance
Jewellery
 j - the ring "Yzamuheir" (right hand) {rCorr +Blink rC+ rN+ Str+5}
   (You found it on level 3 of the Elven Halls)

   [ring of resist corrosion]

   It affects your strength (+5).
   It protects you from cold.
   It protects you from negative energy.
   It lets you blink.
 m - the amulet of Suspicion (around neck) {Reflect *Drain +Blink rC+ Str+4 SH+3}
   (You found it on level 8 of the Dungeon)

   [amulet of reflection]

   It shields you and reflects attacks.
   It affects your strength (+4).
   It protects you from cold.
   It lets you blink.
   It causes draining when unequipped.
   It affects your SH (+3).
 L - an uncursed ring of see invisible
 S - the ring "Hukuo" (left hand) {+Inv rPois rF+ Slay+2 Stlth+}
   (You took it off a deep elf annihilator on level 3 of the Elven Halls)

   [ring of protection from fire]

   It affects your accuracy and damage with ranged weapons and melee attacks
   (+2).
   It protects you from fire.
   It protects you from poison.
   It lets you turn invisible.
   It makes you more stealthy.
Wands
 e - a wand of acid (5)
 k - a wand of disintegration (91)
 r - a wand of iceblast (61)
 s - a wand of paralysis (45)
 t - a wand of flame (97)
 C - a wand of enslavement (16)
 H - a wand of clouds (6)
 I - a wand of digging (4)
Scrolls
 h - 7 scrolls of blinking
 l - 21 scrolls of remove curse
 v - 4 scrolls of magic mapping
 y - 19 scrolls of teleportation
 z - a scroll of silence
 B - 6 scrolls of identify
 M - 3 scrolls of fog
Potions
 g - 5 potions of might
 i - 8 potions of invisibility
 n - 6 potions of agility
 o - 18 potions of curing
 p - 8 potions of flight
 u - 2 potions of resistance
 w - a potion of mutation
 D - 7 potions of heal wounds
 E - 2 potions of cancellation
 J - 4 potions of haste
Miscellaneous
 V - a lamp of fire
 Z - a lightning rod (4/4)
Comestibles
 c - 65 rations
 G - 2 chunks of flesh


   Skills:
 * Level 21.4 Fighting
 * Level 19.6 Axes
 - Level 10.0 Crossbows
 + Level 18.5 Armour
 - Level 15.0 Dodging
 - Level 10.7 Stealth
 + Level 18.5 Shields
 - Level 12.1 Evocations


You had 25 spell levels left.
You didn't know any spells.
Your spell library was empty.

Dungeon Overview and Level Annotations

Branches:
Dungeon (15/15)            Temple (0/1) D:7            Lair (6/6) D:10
 Shoals (4/4) Lair:2        Snake (4/4) Lair:2        Slime (1/5) Lair:6
    Orc (2/2) D:12            Elf (3/3) Orc:2        Vaults (5/5) D:13
  Crypt (0/3) Vaults:2     Depths (5/5) D:15            Zot (5/5) Depths:5

Altars:
Ashenzari
Dithmenos
Fedhas
Gozag
Nemelex Xobeh
Qazlal
Ru
Sif Muna
Vehumet
Wu Jian
Xom
Yredelemnul
Zin
Jiyva

Shops:
D:8 *   D:9 (   D:10 :   D:12 :**   Orc:1 *=!(   Orc:2 :*[(   Shoals:1 }
Vaults:1 (   Vaults:2 %   Vaults:5 ?   Depths:2 (   Depths:3 (   Depths:5 *=(?*

Portals:
Hell: Depths:1 Depths:2 Depths:3 Depths:4 Depths:5
Abyss: Depths:2 Depths:4 Depths:5
Pandemonium: Depths:1 Depths:3
Ziggurat: Depths:1

Annotations:
Zot:2 2 transporters


Innate Abilities, Weirdness & Mutations

You have a pair of large horns on your head.
You are completely covered in thin metallic scales. (AC +4, rElec)
Your flesh is cold resistant. (rC+)
A frigid envelope surrounds you and freezes all who hurt you.
You are completely covered in sharp spines.
When hurt, damage is shared between your health and your magic reserves.
You regenerate magic rapidly.
When low on magic, you restore magic in place of health.
You are immune to freezing clouds.
You are agile. (Dex +2)
Scrolls take you longer to read.
Armour fits poorly on your strangely shaped body.
Your body sometimes deteriorates upon taking damage.
You are occasionally teleported next to monsters.
You are weak. (Str -2)


Message History

The electric golem hits you but does no damage.
The electric golem misses you. You block the electric golem's attack.
The ancient lich disappears!
Unknown command.
Unknown command.
Okay, then.
You feel much better.
You block the quicksilver dragon's attack. x2
The curse toe calls on the powers of darkness!
The black draconian convulses!
Something is bathed in an unholy light!
The golden dragon convulses!
The red draconian scorcher convulses!
Something is bathed in an unholy light!
The moth of wrath convulses!
The Killer Klown convulses!
Your body is wracked with pain!
* * * LOW HITPOINT WARNING * * *
The quicksilver dragon convulses!
The Orb Guardian convulses!
You block the quicksilver dragon's attack. x2
The orb of fire glows deep purple.
The bolt of fire hits you!! You resist.
You die...

*,,,,,,,,,,,,,,,,**
,,,,,,,,,......,**
********##^....▓▓
*,,,,,,.........▓▓
,,,,,,,....q.....▓▓
,,,,,,,.^.........▓▓
,,,,,,,.......X....▓
,,,,,,,.^....XXD...▓
...........yp.**@.▓*
..............**q▓▓
.............D8.▓▓
.?^..........d...▓▓
.^................▓*
...........z.......▓
........§*○........▓
......§..°.^f.....▓▓
.........°.......▓▓


You could see 5 orbs of fire, a Killer Klown, an electric golem, 2 tentacled
monstrosities, a golden dragon, a black draconian, a curse toe, a quicksilver
dragon, an Orb Guardian, a yellow draconian annihilator, a red draconian
scorcher, a moth of wrath and a wandering mushroom.

Vanquished Creatures
  An orb of fire (Zot:1)
  2 juggernauts
  A greater mummy (WizLab)
  Vashnia (Snake:2)
  A Killer Klown (Zot:4)
  Saint Roka (Vaults:2)
  2 curse toes
  Frederick (Vaults:4)
  Xtahua (Vaults:4)
  13 golden dragons
  2 bone dragons (Depths:5)
  3 electric golems
  Rupert (D:15)
  2 liches
  An Ice Fiend (IceCv)
  10 tentacled monstrosities
  3 deep elf blademasters (Elf:3)
  4 titans
  8 quicksilver dragons
  6 death cobs
  4 sphinxes
  Kirke (D:13)
  Agnes (Snake:2)
  A shadow dragon (Zot:3)
  11 storm dragons
  Gastronok (Lair:3)
  5 tengu reavers
  Ilsuiw (Shoals:2)
  Roxanne (Snake:1)
  7 fire giants
  3 draconian monks
  11 frost giants
  An iron dragon (Depths:4)
  8 nagarajas
  2 ghost moths
  4 deep elf sorcerers (Elf:3)
  An orc warlord (Vaults:5)
  Aizul (Snake:3)
  4 draconian knights
  3 draconian stormcallers
  4 draconian scorchers
  8 draconian shifters
  15 vault wardens
  Louise (D:15)
  5 draconian annihilators
  A ghoul (Vaults:4)
  5 deep elf elementalists
  22 stone giants
  16 ironheart preservers
  5 war gargoyles (Vaults:5)
  A vampire knight (Depths:5)
  18 very ugly things
  Nessos (D:15)
  8 green draconians
  11 deep elf annihilators
  8 deep elf demonologists
  11 black draconians
  9 red draconians
  7 spark wasps
  A minotaur (Gauntlet)
  6 white draconians
  9 purple draconians
  A dire elephant (D:15)
  7 yellow draconians
  6 merfolk javelineers
  9 ettins
  A jiangshi (Vaults:2)
  11 deep elf death magi
  A crystal guardian (Vaults:1)
  11 deep elf high priests
  6 fire dragons
  4 mummy priests (WizLab)
  10 merfolk impalers
  7 great orbs of eyes
  20 yaktaur captains
  8 spriggan air magi
  6 ice dragons
  17 naga warriors
  5 rakshasas
  Harold (D:8)
  An ice dragon (shapeshifter) (Depths:5)
  28 vault guards
  12 hydras
  An alligator snapping turtle (Shoals:4)
  3 merfolk avatars
  The ghost of havocjr3 the Thaumaturge, a journeyman GnSk of Hepliaklqana (D:13)
  2 death knights
  4 centaur warriors
  11 anacondas
  29 two-headed ogres
  11 ogre magi
  2 merfolk aquamancers (Shoals:4)
  A vampire mage (Depths:4)
  29 dancing weapons
  7 deep troll shamans
  4 deep troll earth magi
  A titan zombie (WizLab)
  Urug (Orc:2)
  2 orc high priests
  6 death yaks (Lair:2)
  2 tengu warriors
  7 spriggan berserkers
  A hell hog (Depths:4)
  6 hell knights (Depths:3)
  36 deep elf knights
  Nergalle (Lair:1)
  2 thrashing horrors (Gauntlet)
  A fire crab (shapeshifter) (Depths:5)
  16 naga sharpshooters
  10 shock serpents
  A soul eater (Depths:2)
  An iron troll (shapeshifter) (Vaults:5)
  2 skeletal warriors (Vaults:2)
  A shadow wraith (Vaults:1)
  6 salamander mystics
  3 flayed ghosts
  6 sea snakes
  A spark wasp zombie (WizLab)
  A storm dragon skeleton (Vaults:4)
  3 iron trolls
  24 deep trolls
  12 naga ritualists
  An unseen horror (shapeshifter) (D:14)
  2 glowing orange brains
  9 ironbrand convokers
  An unseen horror (D:15)
  3 phantasmal warriors
  A lindwurm (Lair:6)
  15 deep elf archers
  32 orc knights
  19 harpies
  69 deep elf magi
  4 necromancers
  16 mana vipers
  A frost giant zombie (WizLab)
  3 wizards
  47 ugly things
  16 manticores
  2 wolf spiders
  2 cyclopes
  7 orc sorcerers
  24 moths of wrath
  15 salamanders
  3 fire giant zombies
  A salamander (shapeshifter) (D:13)
  A stone giant skeleton (Vaults:1)
  A human skeleton (Vaults:1)
  9 vault sentinels
  An ice statue (IceCv)
  16 naga magi
  3 water nymphs
  Joseph (D:10)
  35 black mambas
  A frost giant skeleton (Vaults:4)
  A black mamba (shapeshifter) (Elf:3)
  8 merfolk sirens
  2 gargoyles
  9 guardian serpents
  A demonspawn zombie (WizLab)
  A water nymph (shapeshifter) (Vaults:2)
  2 spiny frogs (shapeshifter)
  A guardian serpent (shapeshifter) (Vaults:3)
  A torpor snail (Lair:6)
  A storm dragon simulacrum (Vaults:1)
  5 spectral swamp worms (Depths:5)
  18 spiny frogs
  7 komodo dragons
  27 yaktaurs
  A yaktaur (shapeshifter) (D:12)
  3 yaktaur zombies (WizLab)
  2 rime drakes (shapeshifter)
  6 rime drakes
  5 anaconda simulacra (IceCv)
  3 tengu conjurers
  2 guardian mummies (WizLab)
  12 freezing wraiths
  A red devil (Depths:2)
  A hellwing (Depths:2)
  9 trolls
  4 ice devils (IceCv)
  A queen bee (D:8)
  A golden dragon simulacrum (IceCv)
  3 polar bears
  A wind drake (shapeshifter) (Depths:3)
  3 wind drakes
  A sphinx simulacrum (Vaults:1)
  A wolf spider simulacrum (D:14)
  21 merfolk
  A meliai (shapeshifter) (Vaults:4)
  6 hornets
  Prince Ribbit (Lair:1)
  22 slime creatures
  A snapping turtle (shapeshifter) (Vaults:5)
  A blink frog (shapeshifter) (Vaults:4)
  10 snapping turtles
  15 blink frogs
  An ettin zombie (Vaults:1)
  2 deep troll zombies (WizLab)
  8 dream sheep
  A meliai zombie (D:15)
  17 hippogriffs
  A ynoxinul (Gauntlet)
  5 wraiths
  A redback (shapeshifter) (Vaults:5)
  11 spriggans
  2 vampires
  2 dire elephant simulacra (IceCv)
  A tarantella (shapeshifter) (D:12)
  2 wyverns
  19 water elementals
  3 air elementals
  2 yaks (shapeshifter)
  2 hogs (D:13)
  Grum (D:10)
  A fire elemental (Elf:3)
  A hog (shapeshifter) (Vaults:4)
  A basilisk (Lair:5)
  33 yaks
  A hungry ghost (D:14)
  50 nagas
  A human (shapeshifter) (Vaults:4)
  A harpy simulacrum (IceCv)
  8 wargs
  3 acid dragons
  3 hydra simulacra (IceCv)
  2 iron troll simulacra (IceCv)
  6 porcupines
  14 hell hounds
  14 water moccasins
  2 sky beasts
  3 ice beasts
  55 orc warriors
  4 phantoms
  3 black bears (shapeshifter)
  5 black bears
  12 boggarts
  2 necrophages
  38 ogres
  An ettin simulacrum (IceCv)
  A tengu (shapeshifter) (D:12)
  2 alligator simulacra (IceCv)
  4 eyes of draining
  18 centaurs
  9 crocodiles
  30 wolves
  4 small abominations
  A big kobold (D:9)
  An earth elemental (Elf:1)
  14 bullfrogs
  A wyvern zombie (D:10)
  7 scorpions
  13 killer bees (D:8)
  A water moccasin skeleton (D:4)
  3 electric eels (D:12)
  3 howler monkeys
  4 crimson imps
  3 bullfrog zombies
  3 draconian simulacra (IceCv)
  2 jellies
  3 centaur zombies
  2 human simulacra
  25 orc priests
  3 bullfrog skeletons
  5 hounds
  2 iguanas
  4 iron imps (Gauntlet)
  4 centaur skeletons
  12 worker ants
  41 orc wizards
  2 spriggan simulacra (IceCv)
  A troll simulacrum (IceCv)
  A wolf simulacrum (IceCv)
  A centaur simulacrum (IceCv)
  3 hound zombies
  8 mummies (Ossuary)
  A worker ant zombie (D:10)
  6 gnolls (D:6)
  11 adders
  2 howler monkey skeletons (D:5)
  3 naga simulacra (IceCv)
  An ogre simulacrum (IceCv)
  5 shadow imps
  11 white imps (IceCv)
  9 ufetubi
  An ooze (D:3)
  An adder skeleton (D:4)
  3 worms
  A dart slug (D:2)
  4 leopard geckos
  141 orcs
  3 giant cockroaches
  7 goblins
  12 hobgoblins
  2 jackals (D:7)
  7 quokkas
  A ball python (D:1)
  7 bats
  6 frilled lizards
  A giant cockroach zombie (D:6)
  2 gnoll zombies (Ossuary)
  4 hobgoblin zombies (Ossuary)
  12 kobolds
  2 kobold zombies (Ossuary)
  A quokka skeleton (D:6)
  2 rats (D:2)
  4 crawling corpses (Elf:3)
  3 fungi
  14 plants
2196 creatures vanquished.

Vanquished Creatures (collateral kills)
  An orb of fire (Zot:1)
  Bai Suzhen (Shoals:3)
  A golden dragon (Zot:1)
  Nikola (Elf:1)
  3 sphinxes
  A draconian monk (Zot:5)
  A fire giant (Vaults:1)
  An orc warlord (Orc:2)
  2 deep elf sorcerers (Elf:3)
  3 very ugly things
  A stone giant (Vaults:2)
  An ironheart preserver (Vaults:1)
  A yellow draconian (Zot:5)
  A red draconian (Zot:2)
  A white draconian (Zot:2)
  A deep elf demonologist (Vaults:2)
  3 deep elf annihilators
  2 deep elf death magi (Elf:3)
  An ettin (Vaults:1)
  A great orb of eyes (Depths:3)
  2 vault guards (Vaults:5)
  A hydra (Elf:1)
  A merfolk aquamancer (Shoals:4)
  A two-headed ogre (D:10)
  A deep troll shaman (Vaults:1)
  A merfolk avatar (Shoals:3)
  An orc high priest (Orc:1)
  3 deep trolls
  A phantasmal warrior (Vaults:2)
  A deep elf archer (Vaults:2)
  2 naga ritualists (Snake:4)
  An orc sorcerer (Orc:2)
  5 ugly things
  2 cyclopes
  3 deep elf magi
  3 black mambas
  A moth of wrath (Zot:4)
  2 merfolk (Shoals:3)
  A polar bear (Lair:6)
  2 trolls
  2 snapping turtles
  2 blink frogs (Lair:4)
  A dream sheep (Shoals:2)
  3 spriggans (Lair:6)
  A wyvern (Lair:6)
  A yak (Lair:4)
  A water elemental (Elf:3)
  2 wargs (Vaults:2)
  7 nagas
  13 orc warriors
  3 ogres
  3 wolves (Lair:6)
  An orc priest (Vaults:2)
  6 orcs
109 creatures vanquished.

Vanquished Creatures (others)
  A deep elf master archer (Elf:3)
  A ghost moth (Zot:1)
  A deep elf demonologist (Vaults:5)
  2 merfolk javelineers (Shoals:4)
  A yaktaur captain (Vaults:5)
  2 centaur warriors
  A satyr (Shoals:3)
  A merfolk aquamancer (Shoals:1)
  A tengu warrior (Depths:1)
  A dancing weapon (Elf:2)
  4 naga sharpshooters
  2 deep elf knights (Elf:1)
  2 deep elf archers
  An ironbrand convoker (Vaults:1)
  4 deep elf magi
  2 cyclopes
  A manticore (Shoals:4)
  11 yaktaurs
  An orc warrior (Orc:2)
  9 centaurs
  2 orcs
  7 fungi
  25 plants
83 creatures vanquished.

Grand Total: 2388 creatures vanquished

Notes
Turn   | Place    | Note
-------+----------+-------------------------------------------
     0 | D:1      | steinardarri the Demonspawn Berserker began the quest for
                  | the Orb.
     0 | D:1      | Reached XP level 1. HP: 18/18 MP: 1/1
   436 | D:1      | Gained mutation: You are partially covered in thin metallic
                  | scales. (AC +2) [demonic ancestry]
   436 | D:1      | Reached XP level 2. HP: 15/24 MP: 2/2
  1584 | D:2      | Gained mutation: You are partially covered in sharp spines.
                  | [demonic ancestry]
  1584 | D:2      | Reached XP level 3. HP: 23/29 MP: 3/3
  1740 | D:2      | Reached ** piety under Trog
  2350 | D:3      | Gained mutation: You are mostly covered in sharp spines.
                  | [demonic ancestry]
  2350 | D:3      | Reached XP level 4. HP: 27/35 MP: 4/4
  3216 | D:4      | Found a shattered altar of Ashenzari.
  3295 | D:4      | Gained mutation: When hurt, damage is shared between your
                  | health and your magic reserves. [demonic ancestry]
  3295 | D:4      | Reached XP level 5. HP: 36/42 MP: 5/5
  3379 | D:4      | Noticed a centaur
  3423 | D:4      | Noticed an ogre
  3632 | D:4      | Found a shadowy altar of Dithmenos.
  3649 | D:4      | Reached skill level 4 in Fighting
  3649 | D:4      | Gained mutation: You are mostly covered in thin metallic
                  | scales. (AC +3) [demonic ancestry]
  3649 | D:4      | Reached XP level 6. HP: 48/48 MP: 6/6
  3954 | D:4      | Reached skill level 5 in Axes
  3954 | D:4      | Gained mutation: You have a pair of small horns on your
                  | head. [demonic ancestry]
  3954 | D:4      | Reached XP level 7. HP: 55/55 MP: 7/7
  4355 | D:5      | Entered Level 5 of the Dungeon
  4367 | D:5      | Reached *** piety under Trog
  4478 | D:5      | Found a sacrificial altar of Ru.
  4557 | D:5      | Reached skill level 5 in Fighting
  4640 | D:5      | Found an opulent altar of Gozag.
  4668 | D:5      | Gained mutation: You are completely covered in thin
                  | metallic scales. (AC +4, rElec) [demonic ancestry]
  4668 | D:5      | Reached XP level 8. HP: 57/63 MP: 6/8
  4859 | D:6      | Found a blossoming altar of Fedhas.
  4890 | D:6      | Reached skill level 1 in Evocations
  4953 | D:6      | Reached skill level 6 in Fighting
  5277 | D:6      | Reached skill level 7 in Fighting
  5368 | D:6      | Found a stormy altar of Qazlal.
  5496 | D:7      | Reached XP level 9. HP: 70/72 MP: 8/10
  5507 | D:7      | Reached skill level 5 in Dodging
  5509 | D:7      | Reached skill level 5 in Armour
  5523 | D:7      | Reached **** piety under Trog
  5605 | D:7      | Found an ornate altar of the Wu Jian Council.
  5823 | D:7      | Reached skill level 8 in Fighting
  6201 | D:7      | Found a staircase to the Ecumenical Temple.
  6216 | D:7      | Found a sparkling altar of Nemelex Xobeh.
  6218 | D:7      | Found a shimmering altar of Xom.
  6470 | D:8      | Found a sand-covered staircase.
  6495 | D:8      | Found Ysaqeng's Changing Room.
  6504 | Ossuary  | Entered an ossuary
  6744 | D:8      | Got a warped garnet amulet
  6761 | D:8      | Identified the amulet of Suspicion {Reflect *Drain +Blink
                  | rC+ Str+4 SH+3} (You found it on level 8 of the Dungeon)
  6914 | D:8      | Reached XP level 10. HP: 82/82 MP: 11/13
  6927 | D:8      | Reached ***** piety under Trog
  6959 | D:8      | Reached skill level 1 in Shields
  7017 | D:8      | Received a gift from Trog
  7198 | D:8      | Found a blossoming altar of Fedhas.
  7621 | D:8      | Found a radiant altar of Vehumet.
  7621 | D:8      | Found a basalt altar of Yredelemnul.
  7845 | D:9      | Noticed Harold
  7872 | D:8      | Killed Harold
  7872 | D:8      | Reached skill level 5 in Shields
  8226 | D:9      | Found a deep blue altar of Sif Muna.
  8378 | D:9      | Found a glowing silver altar of Zin.
  8421 | D:9      | Found Dastut's Antique Weapon Shoppe.
  8428 | D:9      | Bought a bloodstained hand axe for 224 gold pieces
  8428 | D:9      | Identified the +3 hand axe of the Harvest {drain, +Fly rF+
                  | Dex+2} (You bought it in a shop on level 9 of the Dungeon)
  8429 | D:9      | Bought a glowing hand axe for 168 gold pieces
  8884 | D:10     | Entered Level 10 of the Dungeon
  8970 | D:10     | Noticed Grum
  8984 | D:10     | Killed Grum
  9053 | D:10     | Found Molock's Book Shoppe.
  9070 | D:10     | Gained mutation: You regenerate magic rapidly. [demonic
                  | ancestry]
  9070 | D:10     | Reached XP level 11. HP: 82/87 MP: 12/14
  9112 | D:10     | Noticed Joseph
  9127 | D:10     | Killed Joseph
  9299 | D:10     | Noticed a centaur warrior
  9308 | D:10     | Killed a centaur warrior
  9584 | D:10     | Found a staircase to the Lair.
  9721 | D:10     | Noticed a two-headed ogre
  9726 | D:10     | Killed a two-headed ogre
  9896 | D:11     | Noticed a six-headed hydra
  9966 | D:10     | Killed a three-headed hydra
 10490 | D:11     | Noticed a green ugly thing
 10497 | D:11     | Killed a green ugly thing
 10713 | D:12     | Reached skill level 10 in Axes
 10754 | D:12     | Noticed a cyan ugly thing
 10754 | D:12     | Noticed a deep elf mage
 10755 | D:12     | Noticed a glowing orange brain
 10755 | D:12     | Noticed an anaconda
 10755 | D:12     | a glowing orange brain changed into an anaconda
 10755 | D:12     | Noticed a purple ugly thing
 10790 | D:12     | Killed a cyan ugly thing
 10795 | D:12     | Killed a purple ugly thing
 10799 | D:12     | Killed a deep elf mage
 10803 | D:12     | Reached XP level 12. HP: 94/94 MP: 15/15
 10867 | D:12     | Noticed a fire giant
 11032 | D:12     | Killed a fire giant
 11032 | D:12     | Reached skill level 10 in Shields
 11227 | D:12     | Received a gift from Trog
 11303 | D:12     | Identified the +8 broad axe "Ravyll" {chop, rC+ Dex+3}
 11344 | D:12     | Found Amehoaw's General Store.
 11353 | D:12     | Bought a scroll of enchant weapon for 97 gold pieces
 11480 | D:12     | Found Zieleteg's General Store.
 11486 | D:12     | Found Ena Irr's Book Boutique.
 11497 | D:12     | Bought a scroll of enchant weapon for 112 gold pieces
 11610 | D:12     | Noticed a seven-headed hydra
 11616 | D:12     | Killed a four-headed hydra
 11842 | D:12     | Reached skill level 1 in Crossbows
 12012 | D:12     | Found a staircase to the Orcish Mines.
 12358 | D:13     | Found a runed translucent gate.
 12358 | D:13     | Found a runed translucent gate.
 12358 | D:13     | Found a runed translucent gate.
 12360 | D:13     | Noticed a nine-headed hydra
 12360 | D:13     | Noticed havocjr3's ghost (journeyman GnSk)
 12419 | D:13     | Noticed an eight-headed hydra
 12427 | D:13     | Killed a five-headed hydra
 12427 | D:13     | Reached skill level 9 in Fighting
 12438 | D:13     | Noticed Kirke
 12449 | D:13     | Killed Kirke
 12449 | D:13     | Reached skill level 5 in Evocations
 12523 | D:13     | Noticed a two-headed ogre
 12528 | D:13     | Killed a two-headed ogre
 12646 | D:13     | Got a clouded silver ring
 12693 | D:13     | Noticed a vault guard
 12698 | D:13     | Killed a vault guard
 12719 | D:13     | Found a gate to the Vaults.
 12838 | D:13     | Gained mutation: You have a pair of horns on your head.
                  | [demonic ancestry]
 12838 | D:13     | Reached XP level 13. HP: 101/101 MP: 16/16
 13136 | Lair:1   | Entered Level 1 of the Lair of Beasts
 13136 | Lair:1   | Noticed Prince Ribbit
 13148 | Lair:1   | Killed Prince Ribbit
 13239 | Lair:1   | Noticed Nergalle
 13252 | Lair:1   | Killed Nergalle
 13386 | Lair:1   | Identified the ring of Suagil {+Blink Int-5 Dex+8 Stlth+}
                  | (You found it on level 13 of the Dungeon)
 13561 | Lair:1   | Found a deep blue altar of Sif Muna.
 13950 | Lair:2   | Found a staircase to the Snake Pit.
 13963 | Lair:2   | Found a gate leading to a gauntlet.
 13975 | Gauntlet | Entered a Gauntlet
 13975 | Gauntlet | Found a transporter.
 13975 | Gauntlet | Found a transporter.
 13981 | Gauntlet | Found a transporter.
 13981 | Gauntlet | Found a transporter.
 13985 | Gauntlet | Found a transporter.
 13985 | Gauntlet | Found a transporter.
 14015 | Gauntlet | Found a transporter.
 14015 | Gauntlet | Found a transporter.
 14020 | Gauntlet | Found a runed translucent door.
 14023 | Gauntlet | Found a transporter.
 14037 | Gauntlet | Found a runed translucent door.
 14039 | Gauntlet | Found a transporter.
 14041 | Gauntlet | Found a runed translucent door.
 14053 | Gauntlet | Found a transporter.
 14057 | Gauntlet | Found a transporter.
 14244 | Gauntlet | Identified the +6 great sword of Valour {slice, +Blink rF-
                  | rN++ Dex+3}
 14244 | Gauntlet | Noticed a minotaur
 14254 | Gauntlet | Killed a minotaur
 14279 | Gauntlet | Found the +3 warlock's mirror {reflect}
 14533 | Lair:2   | Reached ****** piety under Trog
 14708 | Lair:2   | Found a staircase to the Shoals.
 14982 | Lair:3   | Noticed Gastronok
 15007 | Lair:3   | Killed Gastronok
 15206 | Lair:3   | Reached skill level 10 in Fighting
 15756 | Lair:4   | Received a gift from Trog
 15830 | Lair:4   | Reached XP level 14. HP: 88/110 MP: 12/17
 17242 | Lair:6   | Entered Level 6 of the Lair of Beasts
 17242 | Lair:6   | Found a viscous altar of Jiyva.
 17242 | Lair:6   | Found a staircase to the Slime Pits.
 17310 | Lair:6   | Reached skill level 5 in Crossbows
 17590 | Lair:6   | Received a gift from Trog
 17625 | Lair:6   | Received a gift from Trog
 17842 | Lair:6   | Received a gift from Trog
 18262 | Slime:1  | Entered Level 1 of the Pits of Slime
 18262 | Slime:1  | Noticed an azure jelly
 18465 | Orc:1    | Entered Level 1 of the Orcish Mines
 19073 | Orc:1    | Found Mierrob's Assorted Antiques.
 19106 | Orc:2    | Entered Level 2 of the Orcish Mines
 19181 | Orc:2    | Found Kumida's Book Boutique.
 19182 | Orc:2    | Found Akleudonwu's Antique Armour Emporium.
 19184 | Orc:2    | Noticed Urug
 19208 | Orc:2    | Killed Urug
 19245 | Orc:2    | Bought a pair of scorched boots for 323 gold pieces
 19245 | Orc:2    | Bought a pair of glowing gloves for 255 gold pieces
 19245 | Orc:2    | Identified the cursed +0 pair of boots of the Bagpipe {rN+
                  | Regen+} (You bought it in a shop on level 2 of the Orcish
                  | Mines)
 19326 | Orc:2    | Found a staircase to the Elven Halls.
 19441 | Orc:2    | Found Sechonen's Antique Weapon Shop.
 19446 | Orc:2    | Received a gift from Trog
 19518 | Orc:2    | Noticed an orc warlord
 19533 | Orc:2    | Killed an orc warlord
 19533 | Orc:2    | Reached XP level 15. HP: 117/117 MP: 18/18
 19537 | Orc:2    | Reached skill level 11 in Fighting
 19613 | Orc:1    | Found Zuegram's Jewellery Boutique.
 19932 | Orc:1    | Found Xyibb's Distillery.
 19962 | Orc:1    | Received a gift from Trog
 20214 | Orc:2    | Found Gador's General Store.
 20224 | Orc:2    | Bought a scroll of enchant armour for 97 gold pieces
 20460 | Orc:1    | Found Begre's Antique Weapon Shoppe.
 20747 | D:14     | Received a gift from Trog
 20878 | D:14     | Found a shimmering altar of Xom.
 21078 | D:14     | Found a shimmering altar of Xom.
 21080 | D:14     | Found a shimmering altar of Xom.
 21081 | D:14     | Found a shimmering altar of Xom.
 21081 | D:14     | Found a shimmering altar of Xom.
 21089 | D:14     | Found a shimmering altar of Xom.
 21116 | D:14     | Found a shimmering altar of Xom.
 21248 | D:15     | Entered Level 15 of the Dungeon
 21248 | D:15     | Noticed Rupert
 21256 | D:15     | Paralysed by Rupert for 4 turns
 21275 | D:15     | Killed Rupert
 21301 | D:15     | Noticed Nessos
 21409 | D:15     | Received a gift from Trog
 21432 | D:15     | Killed Nessos
 21843 | Snake:1  | Entered Level 1 of the Snake Pit
 22013 | Snake:1  | Received a gift from Trog
 22217 | Snake:1  | Noticed Roxanne
 22229 | Snake:1  | Killed Roxanne
 22425 | Snake:1  | Found a shimmering altar of Xom.
 22846 | Snake:2  | Reached XP level 16. HP: 127/127 MP: 17/19
 22925 | Snake:2  | Noticed Vashnia
 22952 | Snake:2  | Killed Vashnia
 23060 | Snake:2  | Reached skill level 12 in Fighting
 23246 | Snake:2  | Reached skill level 10 in Armour
 23249 | Snake:2  | Received a gift from Trog
 23426 | Snake:2  | Noticed Agnes
 23434 | Snake:2  | Killed Agnes
 23434 | Snake:2  | Reached skill level 15 in Axes
 23861 | Snake:3  | Received a gift from Trog
 23937 | Snake:3  | Received a gift from Trog
 24462 | Snake:3  | Noticed Aizul
 24478 | Snake:3  | Killed Aizul
 24820 | Snake:3  | Reached skill level 15 in Shields
 25098 | Snake:4  | Entered Level 4 of the Snake Pit
 25115 | Snake:4  | Gained mutation: You have a pair of large horns on your
                  | head. [demonic ancestry]
 25115 | Snake:4  | Reached XP level 17. HP: 135/135 MP: 21/21
 26717 | Snake:4  | Received a gift from Trog
 26877 | Snake:4  | Reached skill level 13 in Fighting
 26926 | Snake:4  | Got a serpentine rune of Zot
 27099 | Shoals:1 | Entered Level 1 of the Shoals
 27299 | Shoals:1 | Found Dyuj Ymimu's Gadget Boutique.
 27307 | Shoals:1 | Bought a wand of disintegration (14) for 252 gold pieces
 27307 | Shoals:1 | Bought a wand of disintegration (21) for 350 gold pieces
 27967 | Shoals:2 | Noticed Ilsuiw
 27996 | Shoals:2 | Reached XP level 18. HP: 121/143 MP: 21/24
 28019 | Shoals:2 | Killed Ilsuiw
 28491 | Shoals:3 | Noticed Bai Suzhen
 28504 | Shoals:3 | Killed Bai Suzhen
 28935 | Shoals:4 | Entered Level 4 of the Shoals
 29013 | Shoals:4 | Reached skill level 10 in Dodging
 29173 | Shoals:4 | Identified the +4 hand crossbow of Tomorrow {venom, Int+4}
 29191 | Shoals:4 | Received a gift from Trog
 29276 | Shoals:4 | Got a barnacled rune of Zot
 29331 | Shoals:4 | Got a slimy cloak
 29332 | Shoals:4 | Identified the +2 cloak of the Other World {rC+ Dex+3} (You
                  | found it on level 4 of the Shoals)
 29665 | Shoals:4 | Received a gift from Trog
 30301 | Vaults:1 | Entered Level 1 of the Vaults
 30311 | Vaults:1 | Found Etwoer Pema's Antique Weapon Emporium.
 30830 | Vaults:1 | Reached skill level 14 in Fighting
 30957 | Vaults:1 | Gained mutation: Your flesh is cold resistant. (rC+)
                  | [demonic ancestry]
 30957 | Vaults:1 | Reached XP level 19. HP: 152/152 MP: 26/26
 31146 | Vaults:1 | Received a gift from Trog
 31458 | Vaults:1 | Reached skill level 10 in Evocations
 31538 | Vaults:1 | Reached skill level 1 in Stealth
 32039 | Vaults:2 | Received a gift from Trog
 32172 | Vaults:2 | Noticed Saint Roka
 32235 | Vaults:2 | Noticed a Brimstone Fiend
 32261 | Vaults:2 | Noticed a Brimstone Fiend
 32421 | Vaults:2 | Noticed a Brimstone Fiend
 32430 | Vaults:2 | Noticed a Tzitzimitl
 32690 | Vaults:2 | Reached skill level 5 in Stealth
 33071 | Vaults:2 | Found Yryoff's Food Shop.
 33437 | Vaults:2 | Found a staircase to the Crypt.
 33441 | Vaults:2 | Killed Saint Roka
 33526 | Vaults:2 | Reached skill level 15 in Fighting
 33985 | Vaults:3 | Gained mutation: You are immune to freezing clouds.
                  | [demonic ancestry]
 33985 | Vaults:3 | Reached XP level 20. HP: 152/162 MP: 24/27
 33990 | Vaults:3 | Found Ciclaos's General Store.
 34176 | Vaults:3 | Received a gift from Trog
 34919 | Vaults:4 | Noticed Xtahua
 34942 | Vaults:4 | Killed Xtahua
 34969 | Vaults:4 | Noticed Frederick
 34999 | Vaults:4 | Killed Frederick
 35013 | Vaults:4 | Found a portal to a secret trove of treasure.
 35264 | Vaults:4 | Received a gift from Trog
 35361 | Vaults:4 | Reached skill level 10 in Stealth
 36299 | D:12     | Bought a scroll of brand weapon for 300 gold pieces
 36749 | Elf:1    | Entered Level 1 of the Elven Halls
 37142 | Elf:1    | Reached skill level 16 in Fighting
 37166 | Elf:1    | Received a gift from Trog
 37402 | Elf:1    | Noticed Nikola
 37411 | Elf:1    | Killed Nikola
 37495 | Elf:1    | Reached XP level 21. HP: 171/171 MP: 26/28
 38080 | Elf:2    | Found a runed translucent gate.
 38080 | Elf:2    | Found a runed translucent gate.
 38080 | Elf:2    | Found a runed translucent gate.
 38265 | Elf:2    | Received a gift from Trog
 38869 | Elf:2    | Received a gift from Trog
 39014 | Elf:3    | Entered Level 3 of the Elven Halls
 39138 | Elf:3    | Reached skill level 15 in Armour
 39232 | Elf:3    | Found a frozen archway.
 39243 | IceCv    | Entered an ice cave
 39379 | IceCv    | Reached skill level 17 in Fighting
 39474 | IceCv    | Received a gift from Trog
 39709 | IceCv    | Got a pair of faintly humming boots
 39722 | IceCv    | Identified the +2 pair of boots of Orthodoxy {*Contam rPois
                  | MR+++ Int-3} (You found it in an ice cave)
 40414 | Elf:3    | Identified the cursed +2 short sword "Qeofi" {pain, rElec
                  | rF+}
 40610 | Elf:2    | Received a gift from Trog
 41065 | Elf:3    | Got a vibrating marble ring
 41072 | Elf:3    | Identified the ring "Yzamuheir" {rCorr +Blink rC+ rN+
                  | Str+5} (You found it on level 3 of the Elven Halls)
 41480 | Elf:3    | Got a steaming plate armour
 41492 | Elf:3    | Identified the +1 plate armour "Ihenn" {Slay+6} (You found
                  | it on level 3 of the Elven Halls)
 41542 | Elf:3    | Identified the +5 dire flail "Qorritisk" {speed, rC+
                  | Stlth+}
 41550 | Elf:3    | Identified the +8 morningstar of Sekuitt {vamp, *Rage Str+6
                  | Int+5}
 41564 | Elf:3    | Gained mutation: When low on magic, you restore magic in
                  | place of health. [demonic ancestry]
 41564 | Elf:3    | Reached XP level 22. HP: 164/182 MP: 29/29
 41616 | Elf:3    | Identified the ring "Hukuo" {+Inv rPois rF+ Slay+2 Stlth+}
 41617 | Elf:3    | Identified the +0 chain mail "Oqeoj" {rF+ MR+}
 41620 | Elf:3    | Gained mutation: You are dopey. (Int -2) [a neqoxec]
 42006 | D:13     | Killed havocjr3's ghost
 42016 | D:13     | Got a pitted tin amulet
 42420 | D:15     | Found a staircase to the Depths.
 42878 | D:15     | Noticed Louise
 42884 | D:15     | Killed Louise
 43046 | Depths:1 | Entered Level 1 of the Depths
 43147 | Depths:1 | Found a one-way gate leading to the halls of Pandemonium.
 43169 | Depths:1 | Found a gateway to Hell.
 43304 | Depths:1 | Received a gift from Trog
 43437 | Depths:1 | Reached skill level 18 in Fighting
 43490 | Depths:1 | Found a gateway to a ziggurat.
 43722 | Depths:2 | Found a one-way gate to the infinite horrors of the Abyss.
 43823 | Depths:2 | Found Pyty's Antique Weapon Shop.
 44360 | Depths:3 | Noticed a juggernaut
 44937 | Vaults:4 | You paid a toll of a +6 demon blade to enter a treasure
                  | trove
 44938 | Trove    | Entered a treasure trove
 44952 | Trove    | Got a sparkling golden ring
 44954 | Trove    | Got a shimmering platinum amulet
 44990 | Trove    | Got a serpentine platinum amulet
 44992 | Trove    | Got a shimmering steel ring
 44994 | Trove    | Got a scintillating platinum ring
 45026 | Trove    | Got a scintillating pewter amulet
 45028 | Trove    | Got a shimmering ruby amulet
 45030 | Trove    | Got a scintillating granite ring
 45210 | Vaults:1 | Identified the ring of Ycaykkeu {rF+ Int+4} (You found it
                  | in a treasure trove)
 45350 | Orc:1    | Bought 3 scrolls of identify for 156 gold pieces
 45350 | Orc:1    | Identified the ring "Ypoff" {rCorr +Fly rN++ MP+9 Str-3}
                  | (You found it in a treasure trove)
 45352 | Orc:1    | Identified the ring of Wu Jian's Generosity {rN+ MR+ MP-9
                  | Stlth+} (You found it in a treasure trove)
 45354 | Orc:1    | Identified the ring "Wuira" {rCorr rElec Dex+2 Stlth+} (You
                  | found it in a treasure trove)
 45592 | Depths:3 | Killed a juggernaut
 45612 | Depths:3 | Found Duxteer's Antique Weapon Shoppe.
 45948 | Depths:3 | Received a gift from Trog
 46260 | Depths:3 | Gained mutation: A frigid envelope surrounds you and
                  | freezes all who hurt you. [demonic ancestry]
 46260 | Depths:3 | Reached XP level 23. HP: 191/191 MP: 30/30
 46656 | Depths:3 | Received a gift from Trog
 46657 | Depths:3 | Lost mutation: You are dopey. (Int -2) [potion of mutation]
 46657 | Depths:3 | Gained mutation: You are robust. (+10% HP) [potion of
                  | mutation]
 46657 | Depths:3 | Gained mutation: You have sharp toenails. [potion of
                  | mutation]
 47100 | Depths:4 | Noticed a juggernaut
 47106 | Depths:4 | Killed a juggernaut
 47249 | Depths:4 | Received a gift from Trog
 47414 | Depths:4 | Found a magical portal.
 47439 | WizLab   | Entered Doroklohe's Tomb
 47645 | WizLab   | Noticed a greater mummy
 47666 | WizLab   | Killed a greater mummy
 47852 | WizLab   | Reached skill level 15 in Dodging
 48770 | Depths:5 | Entered Level 5 of the Depths
 48849 | Depths:5 | Found Zethom's General Store.
 48931 | Depths:5 | Received a gift from Trog
 48968 | Depths:5 | Reached skill level 19 in Fighting
 49015 | Depths:5 | Found Eteumefuss's Weapon Emporium.
 49018 | Depths:5 | Found Gykoiwosux's Assorted Antiques.
 49018 | Depths:5 | Found Cuoregek's Jewellery Emporium.
 49021 | Depths:5 | Found Xoettew's Magic Scroll Shoppe.
 49051 | Depths:5 | Bought a scroll of enchant armour for 97 gold pieces
 49051 | Depths:5 | Bought a scroll of blinking for 97 gold pieces
 49051 | Depths:5 | Bought a scroll of magic mapping for 45 gold pieces
 49051 | Depths:5 | Bought a scroll of identify for 26 gold pieces
 49051 | Depths:5 | Identified the amulet "Omex" {Fragile +Rage rPois Str+2}
                  | (You found it in a treasure trove)
 49053 | Depths:5 | Identified the amulet of the Establishment {Inacc *Drain
                  | MR++ Int+5} (You found it in a treasure trove)
 49059 | Depths:5 | Bought a scroll of identify for 90 gold pieces
 49059 | Depths:5 | Identified the amulet of Vofeucoy {Harm *Drain rElec rPois
                  | Int-2 Dex+6} (You found it in a treasure trove)
 49223 | Depths:5 | Found a gate to the Realm of Zot.
 49428 | Depths:5 | Reached XP level 24. HP: 188/214 MP: 27/30
 50126 | Vaults:5 | Entered Level 5 of the Vaults
 50206 | Vaults:5 | Received a gift from Trog
 50337 | Vaults:5 | Identified the +3 shortbow of the Ecumenical Temple {speed,
                  | rElec Str-4 SInv Stlth+}
 50531 | Vaults:5 | Got a faintly humming cloak
 50810 | Vaults:5 | Identified the amulet "Taggast" {+Rage Int+4}
 50878 | Vaults:5 | Identified the +2 war axe "Syxunats" {flame, rF+ Int+2}
 50916 | Vaults:5 | Reached skill level 20 in Fighting
 50969 | Vaults:5 | Identified the +1 cloak "Siotauc" {rCorr Int+4} (You found
                  | it on level 5 of the Vaults)
 50971 | Vaults:5 | Identified the amulet of Xom's Fair Game {Gourm MP+9 Int+4
                  | Dex+2} (You found it in a treasure trove)
 50995 | Vaults:5 | Identified the cursed +1 glaive "Ubryoj Leph" {drain,
                  | rPois}
 51079 | Vaults:5 | Received a gift from Trog
 51442 | Vaults:5 | Found Denote's Magic Scroll Emporium.
 51446 | Vaults:5 | Bought a scroll of acquirement for 1092 gold pieces
 51446 | Vaults:5 | Bought a scroll of identify for 42 gold pieces
 51446 | Vaults:5 | Bought a scroll of identify for 42 gold pieces
 51446 | Vaults:5 | Bought a scroll of identify for 42 gold pieces
 51446 | Vaults:5 | Bought a scroll of enchant armour for 157 gold pieces
 51593 | Vaults:5 | Identified the +11 bardiche of Causality {venom, Str+3}
 51602 | Vaults:5 | Reached XP level 25. HP: 219/224 MP: 32/32
 51616 | Vaults:5 | Got a silver rune of Zot
 51971 | D:13     | Identified the amulet "Zifiwyt" {Inacc rF+} (You found it
                  | on level 13 of the Dungeon)
 52506 | Orc:1    | Bought an encrusted arbalest for 266 gold pieces
 52506 | Orc:1    | Identified the +7 arbalest "Ifo Jero" {penet, Stlth+} (You
                  | bought it in a shop on level 1 of the Orcish Mines)
 52750 | Snake:1  | Got a steaming hand crossbow {god gift}
 52751 | Snake:1  | Identified the +13 hand crossbow "Zaog" {speed, rN++ Dex-3
                  | SInv} (Trog gifted it to you on level 1 of the Snake Pit)
 53642 | Zot:1    | Entered Level 1 of the Realm of Zot
 53777 | Zot:1    | Received a gift from Trog
 53879 | Zot:1    | You fall through a shaft!
 53907 | Zot:2    | Received a gift from Trog
 53999 | Zot:2    | Reached skill level 10 in Crossbows
 54133 | Zot:1    | Noticed an orb of fire
 54134 | Zot:1    | Gained mutation: You are very robust. (+20% HP) [an orb of
                  | fire]
 54148 | Zot:1    | Gained mutation: You do not regenerate when monsters are
                  | visible. [an orb of fire]
 54149 | Zot:1    | Gained mutation: Your body sometimes deteriorates upon
                  | taking damage. [an orb of fire]
 54150 | Zot:1    | Gained mutation: You are occasionally teleported next to
                  | monsters. [an orb of fire]
 54157 | Zot:1    | Killed an orb of fire
 54573 | Zot:1    | Lost mutation: You do not regenerate when monsters are
                  | visible. [potion of mutation]
 54573 | Zot:1    | Lost mutation: You have sharp toenails. [potion of
                  | mutation]
 54573 | Zot:1    | Lost mutation: Your body sometimes deteriorates upon taking
                  | damage. [potion of mutation]
 54573 | Zot:1    | Gained mutation: You are clumsy. (Dex -2) [potion of
                  | mutation]
 54573 | Zot:1    | Gained mutation: Your mind is acute. (Int +2) [potion of
                  | mutation]
 54574 | Zot:1    | Lost mutation: You are very robust. (+20% HP) [potion of
                  | mutation]
 54574 | Zot:1    | Lost mutation: You are clumsy. (Dex -2) [potion of
                  | mutation]
 54574 | Zot:1    | Gained mutation: Your muscles are strong. (Str +2) [potion
                  | of mutation]
 54574 | Zot:1    | Gained mutation: You have sharp toenails. [potion of
                  | mutation]
 54575 | Zot:1    | Lost mutation: You are occasionally teleported next to
                  | monsters. [potion of mutation]
 54575 | Zot:1    | Lost mutation: Your mind is acute. (Int +2) [potion of
                  | mutation]
 54575 | Zot:1    | Lost mutation: You have sharp toenails. [potion of
                  | mutation]
 54575 | Zot:1    | Lost mutation: Your muscles are strong. (Str +2) [potion of
                  | mutation]
 54575 | Zot:1    | Gained mutation: You are weak. (Str -2) [potion of
                  | mutation]
 54575 | Zot:1    | Gained mutation: You are agile. (Dex +2) [potion of
                  | mutation]
 55851 | Zot:2    | Noticed an orb of fire
 55919 | Zot:1    | Gained mutation: You are occasionally teleported next to
                  | monsters. [an orb of fire]
 55920 | Zot:1    | Killed an orb of fire
 56050 | Zot:2    | Found the ring of Phasing {EV+8}
 56052 | Zot:2    | Found a transporter.
 56057 | Zot:2    | Found the +9 scales of the Dragon King {rPois rF+ rC+ MR+}
 56348 | Zot:2    | Found a transporter.
 56791 | Zot:3    | Received a gift from Trog
 56816 | Zot:3    | Gained mutation: You are completely covered in sharp
                  | spines. [demonic ancestry]
 56816 | Zot:3    | Reached XP level 26. HP: 206/242 MP: 31/32
 57227 | Zot:4    | Reached skill level 21 in Fighting
 57552 | Zot:4    | Received a gift from Trog
 57901 | Zot:5    | Entered Level 5 of the Realm of Zot
 58128 | Zot:5    | Noticed an orb of fire
 58128 | Zot:5    | Noticed an orb of fire
 58128 | Zot:5    | Gained mutation: Armour fits poorly on your strangely
                  | shaped body. [an orb of fire]
 58129 | Zot:5    | Noticed an orb of fire
 58129 | Zot:5    | Noticed an orb of fire
 58129 | Zot:5    | Noticed an orb of fire
 58131 | Zot:5    | Gained mutation: Scrolls take you a little longer to read.
                  | [an orb of fire]
 58133 | Zot:5    | Gained mutation: Your body sometimes deteriorates upon
                  | taking damage. [an orb of fire]
 58133 | Zot:5    | Gained mutation: Scrolls take you longer to read. [an orb
                  | of fire]
 58133 | Zot:5    | Lost mutation: You are robust. (+10% HP) [an orb of fire]
 58136 | Zot:5    | HP: 11/222 [red draconian/searing blast (8)]
 58137 | Zot:5    | Noticed an ancient lich
 58139 | Zot:5    | Killed from afar by an orb of fire

Skill      XL: |  1  2  3  4  5  6  7  8  9 10 11 12 13 14 15 16 17 18 19 20 21 22 23 24 25 26 |
---------------+-------------------------------------------------------------------------------+-----
Dodging        | 2 3 4 5 6 7 8 9 10 11 12 14 15 | 15.0
Axes           | 3 4 5 6 8 10 11 12 13 14 15 16 17 18 19 | 19.6
Armour         | 2 3 4 5 6 7 8 9 10 11 12 13 14 15 16 17 18 | 18.5
Fighting       | 4 5 7 8 9 10 11 12 13 14 15 16 17 18 19 20 21 | 21.4
Evocations     | 2 4 5 6 8 9 10 12 | 12.1
Shields        | 7 9 10 11 13 14 15 16 17 18 | 18.5
Crossbows      | 2 4 5 10 | 10.0
Stealth        | 7 10 | 10.7

Action                   |  1- 3 |  4- 6 |  7- 9 | 10-12 | 13-15 | 16-18 | 19-21 | 22-24 | 25-27 || total
-------------------------+-------+-------+-------+-------+-------+-------+-------+-------+-------++-------
Melee: Hand axe          |   109 |    68 |    54 |   477 |   320 |       |       |       |       ||  1028
       War axe           |       |    13 |   178 |       |       |       |       |       |       ||   191
       Headbutt          |       |       |    49 |   157 |   315 |   377 |   432 |   361 |   161 ||  1852
       Broad axe         |       |       |       |    65 |   632 |  1084 |  1239 |   996 |   399 ||  4415
 Fire: Hand crossbow     |       |       |       |       |     4 |       |       |       |   119 ||   123
Invok: Berserk           |     5 |     4 |    15 |    24 |    26 |    17 |    20 |    10 |     4 ||   125
       Trog's Hand       |       |     1 |     5 |    10 |    15 |    15 |    17 |    16 |     7 ||    86
       Brothers in Arms  |       |       |       |     1 |     8 |    14 |    15 |    10 |     6 ||    54
 Abil: Evoke Blink       |       |       |       |     1 |       |       |     9 |     1 |       ||    11
Evoke: Wand              |       |       |     5 |     6 |       |    32 |     2 |     4 |       ||    49
       Lightning rod     |       |       |       |       |       |     6 |       |       |       ||     6
  Use: Scroll            |       |       |     9 |     8 |    21 |    11 |    19 |    22 |    16 ||   106
       Potion            |       |       |       |     1 |     3 |     3 |     2 |     9 |     6 ||    24
 Stab: Sleeping          |     1 |       |       |       |       |       |    43 |     2 |     1 ||    47
       Distracted        |       |       |       |       |     3 |       |    10 |     5 |     3 ||    21
  Eat: Chunk             |     9 |     9 |    24 |    39 |    48 |    32 |    52 |    36 |    12 ||   261
       Ration            |       |       |       |     2 |     5 |     7 |     4 |     5 |     5 ||    28
Armor: Animal skin       |    23 |    10 |       |       |       |       |       |       |       ||    33
       Scale mail        |       |    24 |    38 |   132 |    23 |       |       |       |       ||   217
       Chain mail        |       |       |    64 |    19 |       |       |       |       |       ||    83
       Plate armour      |       |       |       |       |   222 |   312 |     8 |   218 |   113 ||   873
       Shadow dragon sca |       |       |       |       |       |    18 |   223 |       |       ||   241
Dodge: Dodged            |    67 |    36 |   114 |   185 |   236 |   333 |   251 |   294 |   144 ||  1660
Block: Other             |       |       |     2 |    25 |       |       |       |       |       ||    27
       Reflection        |       |       |       |     8 |    33 |   174 |   128 |   123 |    13 ||   479
       Shield            |       |       |       |   203 |   697 |   823 |       |       |       ||  1723
       Large shield      |       |       |       |       |       |   128 |  1048 |  1096 |   462 ||  2734
